 Dungeon Crawl Stone Soup version 0.19.0-9-gfd783f2 (webtiles) character file.

247 Inkary the Shield-Bearer (level 6, 0/49 HPs)
             Began as a Formicid Fighter on Nov 7, 2016.
             Slain by an adder (2 damage)
             ... on level 3 of the Dungeon.
             The game lasted 00:02:21 (1648 turns).

Inkary the Shield-Bearer (Formicid Fighter)         Turns: 1648, Time: 00:02:22

Health: 0/49       AC:  6    Str: 22    XL:     6   Next: 33%
Magic:  6/6        EV:  8    Int:  8    God:
Gold:   80         SH: 10    Dex: 10    Spells: 0 memorised, 5 levels left

rFire  . . .     SeeInvis +     j - +0 battleaxe
rCold  . . .     Gourm    .     b - +0 scale mail
rNeg   . . .     Faith    .     c - +0 shield
rPois  .         Spirit   .     (helmet unavailable)
rElec  .         Reflect  .     (no cloak)
rCorr  .         Harm     .     (no gloves)
MR     .....                    (no boots)
Stlth  ..........               (no amulet)
                                (no ring)
                                k - ring of teleportation (curse)

@: lethally poisoned (0 -> -10)
A: permanent stasis, dig shafts and tunnels, four strong arms, antennae 3
a: Dig, Shaft Self


You were on level 3 of the Dungeon.
You were hungry.

You visited 1 branch of the dungeon, and saw 3 of its levels.

You collected 80 gold pieces.

Inventory:

Hand Weapons
 j - a +0 battleaxe (weapon)
Armour
 b - a +0 scale mail (worn)
 c - a +0 shield (worn)
Jewellery
 k - a cursed ring of teleportation (left hand)
Scrolls
 h - 2 scrolls of identify {unknown}
 l - a scroll of teleportation {unknown}
 m - a scroll of remove curse {unknown}
Potions
 d - a potion of might
 e - 2 potions of degeneration {unknown}
 i - a potion of heal wounds {unknown}
Comestibles
 f - 2 bread rations
 n - 2 meat rations


   Skills:
 + Level 4.4 Fighting
 * Level 4.5 Axes
 - Level 3.2 Armour
 + Level 5.2 Shields


You had 5 spell levels left.
You didn't know any spells.

Dungeon Overview and Level Annotations

Branches:
Dungeon (3/15)

Altars:


Innate Abilities, Weirdness & Mutations

You are under a permanent stasis effect.
You can dig through walls and to a lower floor.
Your four strong arms can wield two-handed weapons with a shield.
You have a pair of large antennae on your head. (SInv)


Message History

You are too injured to fight recklessly!
You closely miss the adder.
* * * LOW HITPOINT WARNING * * *
You feel sick. The adder bites you but does no damage.
You miss the adder.
You feel sick. The adder bites you but does no damage. The adder bites you.
* * * LOW HITPOINT WARNING * * *
You are more poisoned.
The adder poisons you!
You miss the adder.
* * * LOW HITPOINT WARNING * * *
You feel sick. The adder bites you but does no damage. The adder bites you.
* * * LOW HITPOINT WARNING * * *
It was a potion of cure mutation.
It has a very clean taste.
* * * LOW HITPOINT WARNING * * *
You feel sick. The adder closely misses you. The adder barely misses you.
It was a potion of cancellation.
You feel magically purged.
* * * LOW HITPOINT WARNING * * *
You feel sick. The adder bites you.
You die...

.. #.## #..
... ..# ..#
... ..#
#.##.#
#..#.#
#.S.# #.@##
##..###
##(..##
##...#
##(.#######
#..(......#
#..>......#
#.......).#
#.........#


You could see an adder.

Vanquished Creatures
  A centaur (D:3)
  The ghost of benbatman the Slasher, a weakling HaSk (D:3)
  A crimson imp (D:3)
  2 adders (D:2)
  3 oozes
  3 worms
  A leopard gecko (D:2)
  An orc (D:2)
  3 bats (D:1)
  8 giant cockroaches
  5 goblins
  7 hobgoblins
  5 jackals (D:1)
  2 quokkas (D:2)
  2 ball pythons
  A frilled lizard (D:2)
  3 kobolds
  9 rats
58 creatures vanquished.

Notes
Turn   | Place    | Note
-------+----------+-------------------------------------------
     0 | D:1      | Inkary the Formicid Fighter began the quest for the Orb.
     0 | D:1      | Reached XP level 1. HP: 18/18 MP: 1/1
     1 | D:1      | Found a runed door.
   159 | D:1      | Reached skill level 4 in Shields
   159 | D:1      | Reached XP level 2. HP: 24/24 MP: 2/2
   542 | D:1      | Reached XP level 3. HP: 29/29 MP: 3/3
   578 | D:1      | Reached XP level 4. HP: 15/37 MP: 4/4
  1151 | D:3      | Noticed benbatman's ghost (weakling HaSk)
  1216 | D:3      | Reached XP level 5. HP: 28/42 MP: 5/5
  1489 | D:3      | Killed benbatman's ghost
  1489 | D:3      | Reached skill level 5 in Shields
  1554 | D:3      | Noticed a centaur
  1562 | D:3      | Killed a centaur
  1562 | D:3      | Reached XP level 6. HP: 11/49 MP: 6/6
  1648 | D:3      | HP: 2/49 [poisoned by an adder]
  1648 | D:3      | Slain by an adder

Skill      XL: |  1  2  3  4  5 |
---------------+----------------+-----
Shields        | 4 5 |  5.2
Axes           | 3 4 |  4.5
Fighting       | 4 |  4.4
Armour         | |  3.2

Action                   |  1- 3 |  4- 6 || total
-------------------------+-------+-------++-------
Melee: War axe           |    81 |    17 ||    98
       Battleaxe         |       |    85 ||    85
  Use: Potion            |       |     2 ||     2
  Eat: Chunk             |       |     2 ||     2
Armor: Scale mail        |    32 |    40 ||    72
Dodge: Dodged            |    26 |    40 ||    66
Block: Shield            |    47 |    70 ||   117
